 Dungeon Crawl Stone Soup version 0.28.0-47-ge53b351184 (webtiles) character file.

Game seed: 14899835736300762795

102381 pkoi the Devastator (level 15, -10/125 HPs)
             Began as a Demigod Conjurer on May 9, 2022.
             Mangled by an emperor scorpion simulacrum (31 damage)
             ... on level 1 of the Spider Nest on May 10, 2022.
             The game lasted 01:12:45 (43103 turns).

pkoi the Devastator (Demigod Conjurer)             Turns: 43103, Time: 01:12:45

Health: -10/125    AC: 20    Str:  8    XL:     15   Next: 39%
Magic:  8/49       EV: 16    Int: 40    God:
Gold:   1318       SH:  0    Dex: 12    Spells: 8/29 levels left

rFire   + . .      SeeInvis .   C - +2 short sword (protect)
rCold   . . .      Faith    .   M - orb {light}
rNeg    . . .      Spirit   .   r - +2 robe of Mental Paralysis {rF+ MP+9}
rPois   +          Reflect  .   I - +0 helmet
rElec   .          Harm     +   j - scarf {harm}
rCorr   .          Rampage  .   (no gloves)
Will    +....                   o - +2 pair of boots
Stlth   +.........              d - amulet of regeneration
HPRegen 0.00/turn               a - ring of magical power
MPRegen 0.31/turn               J - +4 ring of protection

@: under a protective aura, inhibited regen, glowing
A: high MP 1, forlorn, divine attributes, camouflage 1, poison resistance,
inhibited regeneration
a: no special abilities


You were on level 1 of the Spider Nest.
You visited 4 branches of the dungeon, and saw 24 of its levels.

You collected 1466 gold pieces.
You spent 148 gold pieces at shops.

Inventory:

Hand Weapons
 C - a +2 short sword of protection (weapon)
Missiles
 u - 6 curare-tipped darts
 v - 4 throwing nets
Armour
 j - a scarf of harm (worn)
 o - a +2 pair of boots (worn)
 r - the +2 robe of Mental Paralysis (worn) {rF+ MP+9}
   (You bought it in a shop on level 4 of the Dungeon)

   rF:        It protects you from fire.
   MP:        It affects your magic capacity (+9).
 I - a +0 helmet (worn)
 M - an orb of light (worn)
Jewellery
 a - a ring of magical power (left hand)
 d - an amulet of regeneration (around neck)
 l - a +4 ring of slaying
 F - a ring of protection from fire
 J - a +4 ring of protection (right hand)
 U - a +6 ring of intelligence
Wands
 b - a wand of digging (6)
 k - a wand of paralysis (17)
 m - a wand of flame (33)
 w - a wand of iceblast (18)
 B - a wand of polymorph (15)
 H - a wand of acid (11)
 L - a wand of mindburst (4)
Scrolls
 e - 4 scrolls of teleportation
 g - 9 scrolls of identify
 p - 3 scrolls of enchant weapon
 s - a scroll of blinking
 y - a scroll of enchant armour
 E - 2 scrolls of fear
 K - 2 scrolls of silence
 P - 2 scrolls of brand weapon
 S - a scroll of fog
 T - a scroll of magic mapping
 V - a scroll of amnesia
Potions
 c - 10 potions of curing
 f - 4 potions of flight
 h - 2 potions of heal wounds
 i - a potion of haste
 n - 4 potions of invisibility
 t - 4 potions of might
 z - a potion of cancellation
 A - 3 potions of resistance
 D - 3 potions of berserk rage
 O - 2 potions of brilliance
Miscellaneous
 x - a phantom mirror


   Skills:
 - Level 9.6 Fighting
 - Level 9.4 Armour
 - Level 9.8 Dodging
 - Level 1.7 Stealth
 * Level 7.8 Spellcasting
 - Level 15.0 Conjurations
 - Level 10.0 Hexes
 - Level 6.0 Translocations
 + Level 5.2 Air Magic
 - Level 3.8 Evocations


You had 8 spell levels left.
You knew the following spells:

 Your Spells              Type           Power      Damage    Failure   Level
a - Magic Dart            Conj           100%       1d8       0%          1
b - Searing Ray           Conj           100%       2d8       0%          2
c - Iskenderun's Mystic   Conj/Tloc      79%        2d16      1%          4
d - Fulminant Prism       Conj/Hex       43%        3d20      1%          4
e - Lightning Bolt        Conj/Air       38%        1d57      1%          5
f - Iskenderun's Battles  Conj           94%        2d14      1%          5

Your spell library contained the following spells:

 Spells                   Type           Power      Damage    Failure   Level
 Corpse Rot               Necr/Air       72%        N/A       1%          2
 Dazzling Flash           Conj/Hex       100%       N/A       1%          3
 Mephitic Cloud           Conj/Pois/Air  62%        N/A       1%          3
 Portal Projectile        Hex/Tloc       100%       N/A       1%          3
 Beastly Appendage        Tmut           30%        N/A       2%          1
 Airstrike                Air            27%        N/A       2%          4
 Leda's Liquefaction      Hex/Erth       26%        N/A       2%          4
 Wereblood                Tmut           15%        N/A       3%          2
 Freezing Cloud           Conj/Ice/Air   31%        6-21      3%          5
 Conjure Ball Lightning   Conj/Air       38%        3x3d12    5%          6
 Call Canine Familiar     Summ           15%        N/A       7%          3
 Ignite Poison            Fire/Tmut/Pois 15%        N/A       7%          3
 Spider Form              Tmut/Pois      15%        N/A       7%          3
 Summon Lightning Spire   Summ/Air       36%        N/A       8%          4
 Metabolic Englaciation   Hex/Ice        26%        N/A       8%          5
 Yara's Violent Unravell  Hex/Tmut       26%        3d11      8%          5
 Iron Shot                Conj/Erth      33%        9d7       16%         6
 Dispel Undead            Necr           15%        3d10      22%         4
 Petrify                  Tmut/Erth      15%        N/A       22%         4
 Spellforged Servitor     Conj/Summ      33%        N/A       65%         7
 Discord                  Hex            38%        N/A       94%         8
 Death Channel            Necr           7%         N/A       98%         6
 Statue Form              Tmut/Erth      10%        N/A       98%         6
 Disjunction              Tloc           29%        N/A       100%        8


Dungeon Overview and Level Annotations

Branches:
Dungeon (13/15)            Temple (0/1) D:4            Lair (6/6) D:11
  Swamp (3/4) Lair:3       Spider (2/4) Lair:2        Slime (0/5) Lair:6
    Orc (0/2) D:12
 Vaults: D:13-14

Shops:
D:4 [

Annotations:
D:9 2 transporters, exclusions: ice statue and oklob plant, GigaChad's ghost, novice MiFi
D:11 2 runed translucent doors, NinjaNoafa's ghost, journeyman MiFi
D:13 3 runed translucent doors
Lair:2 2 transporters, urbino23's ghost, journeyman GrEE
Spider:2 1 transporter, Arachne


Innate Abilities, Weirdness & Mutations

You have an increased reservoir of magic. (+10% MP)
You shall have no god before yourself.
Your divine heritage dramatically boosts your attributes as you level up.
Your skin changes colour to match your surroundings (Stealth+).
Your system is resistant to poisons. (rPois)
You do not regenerate when monsters are visible.


Message History

The emperor scorpion simulacrum is heavily damaged.
The helpless emperor scorpion simulacrum fails to defend itself.
You hit the emperor scorpion simulacrum but do no damage.
The emperor scorpion simulacrum is heavily damaged.
The helpless emperor scorpion simulacrum fails to defend itself.
You hit the emperor scorpion simulacrum but do no damage.
The emperor scorpion simulacrum is heavily damaged.
The helpless emperor scorpion simulacrum fails to defend itself.
You hit the emperor scorpion simulacrum but do no damage.
The emperor scorpion simulacrum is heavily damaged.
The helpless emperor scorpion simulacrum fails to defend itself.
You hit the emperor scorpion simulacrum but do no damage.
The emperor scorpion simulacrum is heavily damaged.
The helpless emperor scorpion simulacrum fails to defend itself.
You hit the emperor scorpion simulacrum.
The emperor scorpion simulacrum is heavily damaged.
The helpless emperor scorpion simulacrum fails to defend itself.
You puncture the emperor scorpion simulacrum!
The emperor scorpion simulacrum is almost destroyed.
The helpless emperor scorpion simulacrum fails to defend itself.
You hit the emperor scorpion simulacrum but do no damage.
The emperor scorpion simulacrum is almost destroyed.
The helpless emperor scorpion simulacrum fails to defend itself.
You hit the emperor scorpion simulacrum.
The emperor scorpion simulacrum is almost destroyed.
The emperor scorpion simulacrum is no longer paralysed.
The emperor scorpion simulacrum hits you but does no damage.
The emperor scorpion simulacrum claws you but does no damage.
The emperor scorpion simulacrum claws you.
* * * LOW HITPOINT WARNING * * *
The emperor scorpion simulacrum freezes you!!!
* * * LOW HITPOINT WARNING * * *
The emperor scorpion simulacrum hits you but does no damage.
The emperor scorpion simulacrum claws you but does no damage. x2
You hit the emperor scorpion simulacrum but do no damage.
The emperor scorpion simulacrum is almost destroyed.
The emperor scorpion simulacrum hits you!
* * * LOW HITPOINT WARNING * * *
The emperor scorpion simulacrum freezes you!!
You die...

............## ##.....
............# ##......
..........>.## ###.......
.............# ###.........
........####.# ##...........
..####..## ### #............ ...#
##..## #............ #..#
##..############........... #.##
###......Z@...##...........
...####......####..^.............
...........### ########.........
###........# ##........
##.......# ###...... #.......^#
###.... ##.......# ####.
####.....^## ## ##.#......#


You could see an emperor scorpion simulacrum.

Vanquished Creatures
  A thorn hunter (Swamp:2)
  A fenstrider witch (Swamp:2)
  A ghost moth (Spider:1)
  An emperor scorpion (Spider:1)
  A ghoul (Swamp:2)
  6 bunyips
  An eleionoma (Swamp:2)
  An entropy weaver (Spider:1)
  Snorg (D:11)
  Josephine (D:12)
  2 boulder beetles (Spider:1)
  11 hydras
  Harold (Lair:2)
  A catoblepas (Lair:6)
  Fannar (Lair:2)
  A jorogumo (Spider:1)
  2 two-headed ogres
  A death knight (D:11)
  A deep troll shaman (Lair:6)
  4 alligators
  7 death yaks
  Urug (D:11)
  3 spriggans (Swamp:1)
  Nergalle (Lair:3)
  Sonja (D:12)
  5 skeletal warriors
  A spriggan druid (Swamp:3)
  2 pharaoh ants (Spider:2)
  A goliath frog (Swamp:1)
  An iron troll (D:13)
  6 orb spiders
  2 steelbarb worms
  2 swamp dragons (Swamp:2)
  12 bog bodies
  An ugly thing (D:12)
  A deep elf pyromancer (D:13)
  A will-o-the-wisp (Swamp:2)
  6 wolf spiders
  8 slime creatures (D:13)
  6 elephants
  5 black mambas
  A moth of wrath (Spider:1)
  Joseph (D:9)
  A torpor snail (Spider:1)
  13 cane toads
  A demonic crawler (Spider:2)
  Psyche (D:8)
  2 rime drakes
  7 komodo dragons
  4 trolls
  7 meliai
  2 polar bears
  A bloated husk (Swamp:3)
  7 tyrant leeches
  13 tarantellas
  6 blink frogs
  A slime creature (shapeshifter) (D:13)
  3 hornets (Swamp:1)
  7 dream sheep (Lair:6)
  10 culicivoras
  A jumping spider (shapeshifter) (D:13)
  13 jumping spiders
  5 shadows
  8 wraiths
  5 wyverns
  31 yaks
  4 basilisks
  Grum (D:10)
  16 redbacks
  2 steam dragons
  5 vampire mosquitoes
  11 swamp worms
  An acid dragon (D:9)
  5 swamp drakes
  A floating eye (shapeshifter) (D:13)
  18 water moccasins
  2 orc warriors
  An ice beast (D:6)
  A sky beast (D:8)
  2 black bears (Lair:6)
  6 necrophages
  13 centaurs
  23 wolves
  An ogre (D:6)
  A kobold brigand (D:6)
  10 bullfrogs
  2 scorpions
  15 killer bees
  7 wights
  2 electric eels
  A bullfrog zombie (D:6)
  4 centaur zombies
  3 hounds
  4 jellies
  2 bullfrog skeletons (D:5)
  A centaur skeleton (D:5)
  8 orc priests
  A hound (shapeshifter) (D:13)
  An iguana (D:11)
  Terence (D:3)
  22 orc wizards
  Natasha (thrice) (D:3)
  A scorpion zombie (D:5)
  A howler monkey zombie (D:8)
  A howler monkey skeleton (D:7)
  8 adders
  2 shadow imps
  2 white imps
  An ufetubus (D:6)
  An adder skeleton (D:4)
  3 worms (D:2)
  3 dart slugs (D:3)
  48 orcs
  4 ball pythons
  7 endoplasms
  2 giant cockroaches (D:2)
  6 goblins
  9 hobgoblins
  3 quokkas
  5 bats
  5 frilled lizards
  23 kobolds
  8 rats
  2 fulminant prisms
610 creatures vanquished.

Vanquished Creatures (others)
  An unseen horror (D:12)
  A bloated husk (Swamp:1)
  A kobold brigand (D:7)
  A kobold (D:7)
  2 foxfires (Swamp:2)
  360 fulminant prisms
  41 fungi
  122 plants
529 creatures vanquished.

Grand Total: 1139 creatures vanquished

Notes
Turn   | Place    | Note
-------+----------+-------------------------------------------
     0 | D:1      | pkoi the Demigod Conjurer began the quest for the Orb.
     0 | D:1      | Reached XP level 1. HP: 14/14 MP: 5/5
   641 | D:1      | Reached skill level 4 in Conjurations
   702 | D:1      | Reached XP level 2. HP: 20/20 MP: 4/7
   962 | D:1      | Gained mutation: You tend to lose your temper in combat.
                  | [potion of mutation]
   962 | D:1      | Gained mutation: You passively map a small area around you.
                  | [potion of mutation]
   962 | D:1      | Gained mutation: Your skin changes colour to match your
                  | surroundings (Stealth+). [potion of mutation]
   963 | D:1      | Lost mutation: You passively map a small area around you.
                  | [potion of mutation]
   963 | D:1      | Lost mutation: You tend to lose your temper in combat.
                  | [potion of mutation]
   963 | D:1      | Gained mutation: You do not regenerate when monsters are
                  | visible. [potion of mutation]
   963 | D:1      | Gained mutation: Your system is resistant to poisons.
                  | (rPois) [potion of mutation]
  2165 | D:2      | Reached XP level 3. HP: 26/26 MP: 2/8
  2630 | D:1      | Learned a level 2 spell: Searing Ray
  3375 | D:2      | Reached skill level 5 in Conjurations
  4121 | D:3      | Noticed Terence
  4491 | D:3      | Reached XP level 4. HP: 33/33 MP: 7/9
  4508 | D:3      | Noticed Natasha
  4714 | D:3      | Killed Natasha
  5169 | D:3      | Reached skill level 1 in Fighting
  5395 | D:3      | Reached XP level 5. HP: 40/40 MP: 6/11
  5541 | D:3      | Killed Terence
  5788 | D:3      | Noticed Natasha
  5798 | D:3      | Killed Natasha
  5897 | D:3      | Learned a level 4 spell: Iskenderun's Mystic Blast
  5905 | D:3      | Noticed Natasha
  5908 | D:3      | Killed Natasha
  6381 | D:4      | Reached skill level 6 in Conjurations
  6381 | D:4      | Reached XP level 6. HP: 47/47 MP: 5/12
  6603 | D:4      | Found Saonle Gaon's Antique Armour Shop.
  7022 | D:4      | Found a staircase to the Ecumenical Temple.
  7029 | D:4      | Reached skill level 1 in Translocations
  7864 | D:4      | Bought a bloodstained robe for 148 gold pieces
  7864 | D:4      | Identified the +2 robe of Mental Paralysis {rF+ MP+9} (You
                  | bought it in a shop on level 4 of the Dungeon)
  7898 | D:5      | Entered Level 5 of the Dungeon
  8702 | D:5      | Reached XP level 7. HP: 52/52 MP: 14/15
  8775 | D:5      | Learned a level 4 spell: Fulminant Prism
  9491 | D:6      | Reached skill level 7 in Conjurations
  9517 | D:6      | Reached skill level 1 in Hexes
  9723 | D:6      | Identified the amulet of Rumeck {Spirit Harm}
 10049 | D:6      | Noticed a shadow
 10216 | D:5      | Reached XP level 8. HP: 45/59 MP: 16/17
 10727 | D:6      | Reached skill level 8 in Conjurations
 11408 | D:7      | Identified the +9 plate armour of the Fiend {Regen+ MP+9
                  | SInv}
 12067 | D:7      | Reached skill level 1 in Armour
 12970 | D:8      | Noticed Psyche
 12976 | D:8      | Killed Psyche
 12977 | D:8      | Reached XP level 9. HP: 68/68 MP: 17/18
 14355 | D:9      | Reached skill level 9 in Conjurations
 14867 | D:9      | Reached skill level 5 in Translocations
 15479 | D:9      | Reached XP level 10. HP: 60/78 MP: 19/19
 15492 | D:9      | Noticed Joseph
 15509 | D:9      | Killed Joseph
 15728 | D:9      | Noticed a centaur warrior
 15730 | D:9      | Noticed an oklob plant
 15732 | D:9      | Noticed a two-headed ogre
 15733 | D:9      | Noticed a boulder beetle
 15735 | D:9      | Found a transporter.
 15740 | D:9      | Found a transporter.
 15741 | D:9      | Noticed an ice statue
 15741 | D:9      | Noticed GigaChad's ghost (novice MiFi)
 15783 | D:9      | Noticed a white ugly thing
 15806 | D:9      | Reached skill level 1 in Evocations
 16583 | D:10     | Entered Level 10 of the Dungeon
 16598 | D:10     | Reached skill level 10 in Conjurations
 16709 | D:10     | Noticed Grum
 16715 | D:10     | Killed Grum
 17175 | D:10     | Noticed a six-headed hydra
 17179 | D:10     | Killed a six-headed hydra
 17180 | D:10     | Reached skill level 5 in Hexes
 17412 | D:10     | Reached skill level 5 in Dodging
 17565 | D:10     | Noticed a two-headed ogre
 17575 | D:10     | Killed a two-headed ogre
 18106 | D:11     | Found a large runed translucent door.
 18106 | D:11     | Found a large runed translucent door.
 18109 | D:11     | Noticed NinjaNoafa's ghost (journeyman MiFi)
 18149 | D:11     | Noticed a death knight
 18166 | D:11     | Killed a death knight
 18320 | D:11     | Reached XP level 11. HP: 85/85 MP: 20/20
 18542 | D:11     | Noticed Urug
 18554 | D:11     | Killed Urug
 18555 | D:11     | Reached skill level 5 in Fighting
 19055 | D:11     | Reached skill level 5 in Armour
 19395 | D:11     | Found a staircase to the Lair.
 19489 | D:11     | Noticed Snorg
 19496 | D:11     | Reached skill level 11 in Conjurations
 19501 | D:11     | Killed Snorg
 19834 | Lair:1   | Entered Level 1 of the Lair of Beasts
 21002 | Lair:2   | Found a hole to the Spider Nest.
 21248 | Lair:2   | Noticed a spriggan rider
 21288 | Lair:2   | Noticed urbino23's ghost (journeyman GrEE)
 21346 | Lair:2   | Found a transporter.
 21428 | Lair:2   | Noticed Harold
 21441 | Lair:2   | Killed Harold
 22104 | Lair:2   | Noticed Fannar
 22114 | Lair:2   | Killed Fannar
 22478 | Lair:2   | Found a transporter.
 22757 | Lair:3   | Got the Handbook of Companions and Hexes
 22777 | Lair:3   | Reached XP level 12. HP: 96/96 MP: 20/21
 23079 | Lair:3   | Noticed Nergalle
 23080 | Lair:3   | Reached skill level 12 in Conjurations
 23544 | Lair:3   | Noticed a four-headed hydra
 23687 | Lair:3   | Killed Nergalle
 23872 | Lair:3   | Noticed a four-headed hydra
 23878 | Lair:3   | Killed a four-headed hydra
 24825 | Lair:3   | Killed a four-headed hydra
 25055 | Lair:3   | Found a staircase to the Swamp.
 25398 | Lair:4   | Noticed an eight-headed hydra
 25406 | Lair:4   | Killed an eight-headed hydra
 26802 | Lair:5   | Found the +5 demon whip "Spellbinder" {antimagic, Will+}
 26939 | Lair:5   | Reached skill level 13 in Conjurations
 28208 | Lair:6   | Entered Level 6 of the Lair of Beasts
 28208 | Lair:6   | Found a staircase to the Slime Pits.
 28219 | Lair:6   | Reached XP level 13. HP: 105/105 MP: 22/22
 31785 | D:12     | Noticed Josephine
 31798 | D:12     | Killed Josephine
 31923 | D:12     | Noticed Sonja
 31935 | D:12     | Killed Sonja
 32172 | D:11     | Reached skill level 14 in Conjurations
 32921 | D:12     | Found a staircase to the Orcish Mines.
 34418 | D:13     | Found a runed translucent gate.
 34418 | D:13     | Found a runed translucent gate.
 34418 | D:13     | Found a runed translucent gate.
 34454 | D:13     | Paralysed by a floating eye for 2 turns
 34701 | D:13     | Reached XP level 14. HP: 116/116 MP: 24/24
 35089 | Swamp:1  | Entered Level 1 of the Swamp
 35439 | Swamp:1  | Learned a level 5 spell: Lightning Bolt
 35707 | Swamp:1  | Reached skill level 1 in Air Magic
 37176 | Swamp:2  | Noticed a fenstrider witch
 37183 | Swamp:2  | Killed a fenstrider witch
 37466 | Swamp:2  | Identified the +1 leather armour "Tipeotoh" {Rampage rCorr
                  | Dex-3}
 37705 | Swamp:1  | Learned a level 5 spell: Iskenderun's Battlesphere
 37738 | Swamp:2  | Noticed a ghoul
 37762 | Swamp:2  | Identified the +8 dagger "Zeedgh" {flame, rPois Will+++
                  | rCorr Int-3}
 37887 | Swamp:2  | Killed a ghoul
 38140 | Swamp:2  | Noticed a thorn hunter
 38148 | Swamp:2  | Killed a thorn hunter
 38657 | Swamp:3  | Noticed a ghoul
 38662 | Swamp:3  | Reached skill level 15 in Conjurations
 38664 | Swamp:3  | Noticed a ghoul
 38664 | Swamp:3  | Noticed a ghoul
 38942 | Swamp:3  | Noticed a fenstrider witch
 39624 | Spider:1 | Entered Level 1 of the Spider Nest
 40002 | Spider:1 | Noticed a ghost moth
 40161 | Spider:1 | Killed a ghost moth
 40295 | Spider:1 | Reached skill level 5 in Spellcasting
 40674 | Spider:1 | Reached XP level 15. HP: 125/125 MP: 27/27
 41178 | Spider:1 | Reached skill level 10 in Hexes
 42797 | Spider:2 | Found a transporter.
 43056 | Spider:2 | Reached skill level 5 in Air Magic
 43059 | Spider:2 | Noticed Arachne
 43103 | Spider:1 | Mangled by an emperor scorpion simulacrum

Illustrated notes

Levels and vault maps discovered:
D:1:      dpeg_cavernosity, layout_rooms, minmay_close_crescents
D:2:      minmay_skewed_foursquare, layout_loops_cross, basic_altar
D:3:      layout_loops_ring, serial_glass, glass_columns_b, glass_columns_a,
          palyth_stone_intersect, uniq_terence, uniq_natasha
D:4:      layout_loops_corners, minmay_temple_entry_water_ring, serial_shops,
          nicolae_shop_statue_plus, hangedman_decor_points
D:5:      layout_loops_ring, minivault_4, minmay_misc_feat_room
D:6:      layout_gridville
D:7:      layout_loops_cross, lemuel_doored_altar
D:8:      layout_loops_corners, kennysheep_small_square, uniq_psyche
D:9:      layout_gridville, nzn_ghost_randoct, uniq_joseph
D:10:     layout_big_octagon, elyvilon_altar_3,
          mainiacjoe_overflow_catwalk_spiral, serial_park,
          serial_park_tiny_pond, serial_park_tiny_pond, serial_park_tiny_2,
          serial_park_tiny_2, serial_park_gazebo [serial_park_minivault_5x5_7],
          uniq_grum
D:11:     layout_rooms, minmay_lair_entry_grove, ebering_ghost_disaster_area,
          serial_bayou_lagoon_a, uniq_snorg, uniq_urug
D:12:     layout_long_grid, orc_0_dummy, item_on_display_a, uniq_josephine,
          uniq_sonja
D:13:     layout_loops_ring, david_vaults_4, gammafunk_ghost_icy,
          minmay_fractal_squares_gapless_7
Lair:1:   layout_regular_city, chequers_serial_rivers_micro_b
Lair:2:   layout_concentric_octagons, hellmonk_spider_entry_not_the_bees,
          gammafunk_ghost_wrathful_warriors, chequers_serial_rivers_micro_d,
          uniq_harold, uniq_fannar
Lair:3:   layout_gridlike, nicolae_swamp_entry_splash_gauntlet, uniq_nergalle
Lair:4:   layout_cave_pods
Lair:5:   layout_small_grid, serial_bayou_lagoon_b, grunt_megastairs_3,
          infiniplex_staircase_pool_2
Lair:6:   grunt_lair_end_beastmaster, layout_small_grid, slime_dummy
Swamp:1:  layout_basic_swamp, evilmike_swamp_ruin_rubble_2, swamp_pool1
Swamp:2:  layout_basic_swamp, nicolae_swamp_ascending_descending, swamp_pool2,
          hangedman_swamp_ravenous, infiniplex_staircase_pool
Swamp:3:  layout_basic_swamp, evilmike_swamp_ruin_house_4
Spider:1: layout_cave_pods, hangedman_spider_tarantella_strand
Spider:2: gammafunk_boulding_lane, uniq_arachne, uniq_agnes

Skill      XL: |  1  2  3  4  5  6  7  8  9 10 11 12 13 14 15 |
---------------+----------------------------------------------+-----
Conjurations   | 4 5 6 7 8 9 10 11 13 14 15 | 15.0
Dodging        | 2 3 4 5 6 7 9 |  9.8
Spellcasting   | 2 3 4 5 7 |  7.8
Fighting       | 1 2 3 4 6 7 8 9 |  9.6
Translocations | 2 3 4 5 6 |  6.0
Hexes          | 1 3 4 5 6 7 9 10 | 10.0
Armour         | 1 3 4 5 7 8 9 |  9.4
Evocations     | 2 3 |  3.8
Air Magic      | 3 5 |  5.2
Stealth        | |  1.7

Action                   |  1- 3 |  4- 6 |  7- 9 | 10-12 | 13-15 || total
-------------------------+-------+-------+-------+-------+-------++-------
Melee: Rapier            |     8 |     5 |       |       |       ||    13
       Short sword       |       |       |     1 |     1 |    20 ||    22
 Cast: Magic Dart        |   104 |   106 |   131 |    97 |    89 ||   527
       Searing Ray       |     3 |    14 |    20 |     2 |     3 ||    42
       Iskenderun's Myst |       |       |    25 |   112 |   210 ||   347
       Fulminant Prism   |       |       |    26 |   137 |   199 ||   362
       Iskenderun's Batt |       |       |       |       |     9 ||     9
       Lightning Bolt    |       |       |       |       |     5 ||     5
Evoke: Wand              |       |       |       |       |     9 ||     9
  Use: Potion            |     6 |       |       |       |       ||     6
       Scroll            |     1 |     6 |     4 |    10 |     5 ||    26
 Stab: Sleeping          |     1 |       |       |       |       ||     1
       Paralysed         |       |       |       |       |    14 ||    14
Armor: Robe              |     4 |     9 |    11 |    23 |    57 ||   104
Dodge: Dodged            |    12 |    13 |    39 |    56 |    67 ||   187
